 Dungeon Crawl Stone Soup version 0.24.0-13-gcf9b319 (webtiles) character file.

Game seed: 3577220583968364049, levelgen mode: deterministic

125 Birdy the Bolt Thrower (level 4, -3/37 HPs)
             Began as a Draconian Hunter on Dec 10, 2019.
             Slain by a gnoll
             ... wielding a +0 club
              (4 damage)
             ... on level 1 of the Dungeon.
             The game lasted 00:05:31 (1879 turns).

Birdy the Bolt Thrower (Draconian Hunter)           Turns: 1879, Time: 00:05:32

Health: -3/37      AC:  5    Str: 15    XL:     4   Next: 82%
Magic:  4/4        EV: 12    Int: 11    God:
Gold:   102        SH:  0    Dex: 12    Spells: 3/3 levels left

rFire    . . .     SeeInvis .   a - +2 hand crossbow
rCold    . . .     Gourm    .   (no shield)
rNeg     . . .     Faith    .   (armour unavailable)
rPois    .         Spirit   .   (helmet restricted)
rElec    .         Reflect  .   (no cloak)
rCorr    .         Harm     .   (no gloves)
MR       .....                  (no boots)
Stlth    ++........             (no amulet)
HPRegen  0.12/turn              (no ring)
MPRegen  0.09/turn              (no ring)

@: no status effects
A: unfitting armour, cold-blooded, AC +5
a: no special abilities


You were on level 1 of the Dungeon.
You were very hungry.

You visited 1 branch of the dungeon, and saw 2 of its levels.

You collected 102 gold pieces.

Inventory:

Hand Weapons
 a - a +2 hand crossbow (weapon)
Scrolls
 b - a scroll of teleportation {unknown}
 e - 2 scrolls of enchant armour
 f - a scroll of amnesia
 g - 2 scrolls of fog
Comestibles
 d - 2 rations


   Skills:
 + Level 2.9 Fighting
 * Level 5.1 Crossbows
 + Level 2.1 Dodging
 - Level 0.9 Stealth
 + Level 1.0 Unarmed Combat


You had 3 spell levels left.
You didn't know any spells.
Your spell library was empty.

Dungeon Overview and Level Annotations

Branches:
Dungeon (2/15)

Altars:


Innate Abilities, Weirdness & Mutations

Your plain brown scales are hard. (AC +5)
You cannot fit into any form of body armour.
You are cold-blooded and may be slowed by cold attacks.


Message History

Aim: a gnoll, wielding a +0 club (heavily wounded)
You shoot a bolt. The bolt hits the gnoll.
The gnoll is severely wounded.
The gnoll closely misses you.
You aren't carrying any potions.
Okay, then.
Firing (i - inventory)
c - 2 bolts (quivered)
Press: ? - help, Shift-Dir - straight line, f/p - gnoll
Aim: a gnoll, wielding a +0 club (severely wounded)
You shoot a bolt. The bolt hits the gnoll.
The gnoll is severely wounded.
The gnoll misses you.
Firing (i - inventory)
c - a bolt (quivered)
Press: ? - help, Shift-Dir - straight line, f/p - gnoll
Aim: a gnoll, wielding a +0 club (severely wounded)
You shoot a bolt. The bolt completely misses the gnoll.
The gnoll hits you with a +0 club.
* * * LOW HITPOINT WARNING * * *
The gnoll hits you with a +0 club.
You die...

##.#†########...#######.
#.#...........#.........
##...########...#######. ##.##
##...## #. ### #.# #.....# #. ..#
####.### ##...## #. #.# #......#
#######.## ## #.#
#.##.#.###.......# #.#
#(.....g@..##.#..# #.###
#.#..#.##..#.##.+## ....#
#.#.##.###.##.#...## #.#.#
#.#=##.# #.#.##....## #'###
#.#.>..###..........## # ..##
####.......####.........####
...###.............'.............
#.#.#####.###...####.........####
#.##.## #......## ##........# #


You could see a gnoll.

Vanquished Creatures
  A crimson imp (D:2)
  A gnoll (D:2)
  2 adders (D:2)
  An ooze (D:1)
  3 worms (D:2)
  3 dart slugs
  2 leopard geckos
  2 giant cockroaches
  8 goblins
  5 hobgoblins
  2 jackals (D:1)
  4 kobolds
  2 bats (D:1)
  2 frilled lizards
  5 rats
43 creatures vanquished.

Notes
Turn   | Place    | Note
-------+----------+-------------------------------------------
     0 | D:1      | Birdy the Draconian Hunter began the quest for the Orb.
     0 | D:1      | Reached XP level 1. HP: 17/17 MP: 1/1
    29 | D:1      | Reached skill level 4 in Crossbows
    33 | D:1      | Reached XP level 2. HP: 24/24 MP: 2/2
   610 | D:1      | Reached XP level 3. HP: 27/30 MP: 3/3
  1759 | D:2      | Reached XP level 4. HP: 37/37 MP: 4/4
  1774 | D:2      | Reached skill level 5 in Crossbows
  1815 | D:2      | Reached skill level 1 in Unarmed Combat
  1879 | D:1      | HP: 1/37 [gnoll/+0 club (3)]
  1879 | D:1      | Slain by a gnoll

Levels and vault maps discovered:
D:1:      roderic_octagonal_star, layout_loops_corners, minmay_misc_feat_tiny,
          minmay_misc_feat_more_columns, grunt_decor_cap
D:2:      layout_basic, grunt_temple_overflow_gold_and_silver

Skill      XL: |  1  2  3  4 |
---------------+-------------+-----
Crossbows      | 4 5 |  5.1
Dodging        | 2 |  2.1
Unarmed Combat | 1 |  1.0
Fighting       | |  2.9
Stealth        | |  0.9

Action                   |  1- 3 |  4- 6 || total
-------------------------+-------+-------++-------
Melee: Short sword       |     5 |       ||     5
       Tailslap          |    18 |     7 ||    25
       Unarmed           |   123 |    25 ||   148
 Fire: Hand crossbow     |    62 |    13 ||    75
  Use: Scroll            |     6 |       ||     6
  Eat: Chunk             |     2 |       ||     2
Armor: Skin              |    45 |     7 ||    52
Dodge: Dodged            |    73 |    28 ||   101
